 Dungeon Crawl Stone Soup version 0.24.1-14-gf8d2b509d9 (webtiles) character file.

Game seed: 8351085173788330633, levelgen mode: deterministic

3509 mortelune the Transmogrifier (level 10, -10/80 (81) HPs)
             Began as an Octopode Transmuter on May 17, 2020.
             Was a Follower of Cheibriados.
             Killed from afar by Nergalle (36 damage)
             ... with a bolt of negative energy
             ... on level 1 of the Lair of Beasts.
             The game lasted 00:20:52 (13776 turns).

mortelune the Transmogrifier (Octopode Transmuter) Turns: 13776, Time: 00:20:52

HP:   -10/80 (81)   AC:  6    Str: 11    XL:     10   Next: 7%
MP:   17/18         EV: 11    Int: 21    God:    Cheibriados [*.....]
Gold: 277           SH:  0    Dex: 15    Spells: 5/20 levels left

rFire    . . .     SeeInvis .     - Unarmed
rCold    + + +     Gourm    .   (shield currently unavailable)
rNeg     . . .     Faith    .   (helmet currently unavailable)
rPois    +         Spirit   .   (no amulet)
rElec    .         Reflect  .   F - ring of protection from fire
rCorr    .         Harm     .   (no ring)
MR       .....                  (no ring)
Stlth    +.........             (no ring)
HPRegen  0.23/turn              (no ring)
MPRegen  0.16/turn              (no ring)
                                (no ring)
                                (no ring)

@: ice-form, heavily drained, very slow
A: large, almost no armour, stealthy swim, amphibious, 8 rings, (constrict 8)
a: End Transformation, Bend Time, Renounce Religion


You were on level 1 of the Lair of Beasts.
You worshipped Cheibriados.
Cheibriados was aware of your devotion.
You were hungry.
You were a creature of crystalline ice.
You visited 3 branches of the dungeon, and saw 11 of its levels.

You collected 277 gold pieces.

Inventory:

Missiles
 b - 108 arrows
 Q - 225 stones (quivered)
Armour
 v - a +2 hat (melded)
Jewellery
 F - a ring of protection from fire (left front paw)
Wands
 k - a wand of scattershot (5)
 q - a wand of paralysis (6)
 u - a wand of flame (12)
 z - a wand of polymorph (15)
 B - a wand of iceblast (9)
Scrolls
 d - a scroll of amnesia {unknown}
 f - a scroll of random uselessness {unknown}
 i - 2 scrolls of identify
 j - a scroll of enchant weapon {unknown}
 n - 5 scrolls of remove curse {unknown}
 o - a scroll of enchant armour
 t - a scroll of teleportation
 x - a scroll of fear {unknown}
 A - a scroll of blinking {unknown}
Potions
 a - 6 potions of lignification {unknown}
 e - 5 potions of might
 g - a potion of flight {unknown}
 h - 2 potions of curing
 l - a potion of mutation {unknown}
 m - 3 potions of brilliance {unknown}
 p - a potion of ambrosia {unknown}
 r - a potion of agility {unknown}
 s - a potion of heal wounds {unknown}
 w - a potion of degeneration {unknown}
 C - a potion of invisibility {unknown}
 D - a potion of haste {unknown}
 E - a potion of berserk rage {unknown}
Comestibles
 c - 15 rations


   Skills:
 + Level 6.3(4.7) Fighting
 + Level 4.8(3.3) Dodging
 * Level 7.1(5.5) Unarmed Combat
 - Level 5.6(4.1) Spellcasting
 - Level 8.0(6.3) Transmutations
 * Level 1.6(0.2) Invocations


You had 5 spell levels left.
You knew the following spells:

 Your Spells              Type           Power        Failure   Level  Hunger
a - Blade Hands           Tmut           ####......   24%         5    ######.
b - Sticks to Snakes      Tmut           ####....     1%          2    #......
c - Spider Form           Tmut/Pois      ###.......   10%         3    ###....
d - Ice Form              Ice/Tmut       ###.....     32%         4    ####...
e - Beastly Appendage     Tmut           ####..       1%          1    None

Your spell library contained the following spells:

 Spells                   Type           Power        Failure   Level  Hunger
 Confusing Touch          Hex            #.....       12%         1    None
 Infusion                 Chrm           #...         12%         1    None
 Shroud of Golubria       Chrm/Tloc      #.....       19%         2    #......
 Song of Slaying          Chrm           #.......     19%         2    #......
 Petrify                  Tmut/Erth      ###.....     32%         4    ####...
 Confuse                  Hex            #.......     34%         3    ###....
 Gell's Gravitas          Tloc           #.........   34%         3    ###....
 Regeneration             Chrm/Necr      #.........   34%         3    ###....
 Spectral Weapon          Hex/Chrm       #.......     34%         3    ###....
 Yara's Violent Unravell  Hex/Tmut       ###.......   65%         5    ######.
 Metabolic Englaciation   Hex/Ice        #.........   97%         5    ######.


Dungeon Overview and Level Annotations

Branches:
Dungeon (9/15)             Temple (1/1) D:7            Lair (1/6) D:8
    Orc: D:9-12

Altars:
Ashenzari
Cheibriados
Dithmenos
Elyvilon
Fedhas
Gozag
Hepliaklqana
Kikubaaqudgha
Makhleb
Nemelex Xobeh
Okawaru
Qazlal
Ru
Sif Muna
Trog
Uskayaw
Vehumet
Wu Jian
Xom
Yredelemnul
Zin
The Shining One
Lugonu

Annotations:
D:3 1 runed translucent door, 2 transporters, Crazy Yiuf; Hugehornet's ghost, weakling OpTm
D:8 Maurice
Lair:1 Nergalle


Innate Abilities, Weirdness & Mutations

You cannot wear most types of armour.
You are very stealthy in the water. (Stealth+)
You are amphibious.
You can wear up to eight rings at the same time.
((You can use your tentacles to constrict eight enemies at once.))
((Your skin changes colour to match your surroundings (Stealth+).))
((Your rubbery body absorbs attacks. (AC +1, EV +1)))


Message History

The spectral orc warrior hits you with a +0 short sword.
The spectral orc knight misses you. Nergalle hits you but does no damage.
The spectral orc warrior closely misses you.
The spectral orc hits you but does no damage.
The spectral orc warrior hits you but does no damage.
You hit Nergalle. You freeze Nergalle.
Nergalle is heavily wounded.
The spectral orc warrior closely misses you. x2
Nergalle hits you with a +0 dagger.
The spectral orc knight hits you but does no damage.
The spectral orc barely misses you.
The spectral orc warrior hits you with a +0 flail.
You barely miss Nergalle.
Nergalle is heavily wounded.
The spectral orc warrior barely misses you.
The spectral orc warrior closely misses you.
The spectral orc warrior misses you.
Nergalle gestures at you while chanting.
The bolt of negative energy hits you!!!
You feel drained.
You die...

.<...........#
.....#.......# .#
.....###....# .
.....#.##..### .#
.............# .#
............## ..####
............######......
....#####....##.ZZ......
....# #.###...ZYoF....#
....# ## #.....ZZ....##
...## ##..##..Z...##
....######..###.......#
###....##..#.##......##
###.....######.......
##...## #........ #...#
##....... ##..#


You could see Nergalle, a spectral orc, 4 spectral orc warriors, a spectral orc
knight and a spiny frog.

Vanquished Creatures
  A two-headed ogre (D:8)
  A black bear (D:6)
  2 sky beasts
  2 orc warriors
  An ice beast (D:5)
  A necrophage (D:8)
  6 ogres
  2 phantoms
  2 centaurs
  4 bullfrogs
  3 scorpions
  5 wights (D:6)
  A crimson imp (D:7)
  A bullfrog zombie (D:5)
  2 quasits
  2 orc priests
  A gnoll shaman (D:5)
  2 hounds
  4 orc wizards
  2 bullfrog skeletons
  3 iguanas
  6 worker ants
  11 gnolls
  7 adders
  2 adder skeletons
  An adder zombie (D:8)
  2 worms
  2 dart slugs
  5 leopard geckos
  33 orcs
  4 giant cockroaches
  9 goblins
  3 hobgoblins
  10 jackals
  9 kobolds
  A quokka (D:3)
  3 ball pythons
  8 bats
  7 frilled lizards
  A jackal skeleton (D:5)
  A jackal zombie (D:5)
  7 rats
180 creatures vanquished.

Vanquished Creatures (collateral kills)
  A water moccasin (D:8)
  An adder (D:4)
  A jackal (D:4)
  A frilled lizard (D:4)
4 creatures vanquished.

Grand Total: 184 creatures vanquished

Notes
Turn   | Place    | Note
-------+----------+-------------------------------------------
     0 | D:1      | mortelune the Octopode Transmuter began the quest for the
                  | Orb.
     0 | D:1      | Reached XP level 1. HP: 13/13 MP: 3/3
   277 | D:1      | Reached XP level 2. HP: 8/18 MP: 3/5
   933 | D:1      | Reached XP level 3. HP: 17/23 MP: 6/6
   937 | D:1      | Learned a level 2 spell: Sticks to Snakes
   941 | D:1      | Learned a level 3 spell: Spider Form
  1499 | D:2      | Found a basalt altar of Yredelemnul.
  2063 | D:2      | Reached XP level 4. HP: 28/28 MP: 8/8
  2441 | D:2      | Found a white marble altar of Elyvilon.
  2483 | D:3      | Reached skill level 3 in Transmutations
  3081 | D:3      | Found a runed translucent door.
  3082 | D:3      | Noticed Crazy Yiuf
  3433 | D:2      | Reached XP level 5. HP: 21/34 MP: 6/9
  4703 | D:3      | Found a bloodstained altar of Trog.
  4926 | D:3      | Found a transporter.
  4927 | D:3      | Identified the +5 great mace "Sohomeshre" {flame, Dex+2}
  4927 | D:3      | Noticed an ogre
  4927 | D:3      | Noticed Hugehornet's ghost (weakling OpTm)
  4928 | D:3      | Found a transporter.
  4929 | D:3      | Noticed an ogre
  4930 | D:3      | Noticed an ogre
  5021 | D:3      | Learned a level 4 spell: Ice Form
  5022 | D:4      | Noticed an ogre
  5150 | D:3      | Killed an ogre
  5150 | D:3      | Reached skill level 4 in Transmutations
  5150 | D:3      | Reached XP level 6. HP: 13/41 MP: 11/11
  5737 | D:4      | Found an ornate altar of the Wu Jian Council.
  5782 | D:4      | Reached XP level 7. HP: 27/46 MP: 8/12
  6381 | D:5      | Entered Level 5 of the Dungeon
  6582 | D:5      | Reached skill level 5 in Transmutations
  6913 | D:5      | Found a hazy altar of Hepliaklqana.
  7269 | D:5      | Found a hide-covered altar of Uskayaw.
  7467 | D:5      | Reached XP level 8. HP: 37/54 MP: 11/14
  7482 | D:5      | Reached skill level 6 in Transmutations
  7611 | D:5      | Found a blossoming altar of Fedhas.
  7699 | D:5      | Reached skill level 5 in Unarmed Combat
  7758 | D:5      | HP: 1/54 [ogre/+0 giant club (28)]
  8861 | D:6      | Reached skill level 5 in Spellcasting
  9441 | D:6      | Reached skill level 7 in Transmutations
  9806 | D:6      | Reached XP level 9. HP: 60/60 MP: 11/16
  9984 | D:6      | Found an iron altar of Okawaru.
 10166 | D:6      | Reached skill level 5 in Fighting
 10907 | D:7      | Found a staircase to the Ecumenical Temple.
 11818 | Temple   | Entered the Ecumenical Temple
 11916 | Temple   | Became a worshipper of Cheibriados the Contemplative
 11955 | D:8      | Learned a level 5 spell: Blade Hands
 12228 | D:8      | Reached skill level 8 in Transmutations
 12397 | D:8      | Found an ancient bone altar of Kikubaaqudgha.
 12525 | D:8      | Found a staircase to the Lair.
 12709 | D:8      | Found a sacrificial altar of Ru.
 12958 | D:8      | Noticed a two-headed ogre
 12981 | D:8      | Killed a two-headed ogre
 12981 | D:8      | Reached * piety under Cheibriados
 13270 | D:8      | Reached XP level 10. HP: 67/67 MP: 13/18
 13460 | D:9      | Reached skill level 1 in Invocations
 13482 | D:9      | Found a shattered altar of Ashenzari.
 13494 | D:9      | Noticed Maurice
 13723 | Lair:1   | Entered Level 1 of the Lair of Beasts
 13751 | Lair:1   | Noticed Nergalle
 13769 | Lair:1   | Noticed a spiny frog
 13776 | Lair:1   | Killed from afar by Nergalle

Levels and vault maps discovered:
D:1:      matt_arrival_spirals, layout_basic, kennysheep_boxes
D:2:      layout_loops_cross, yredelemnul_altar_generic, elyvilon_altar_3,
          st_stairs_12
D:3:      layout_basic, bloody_trog, gammafunk_ghost_smash, kennysheep_nub,
          fountainhead, uniq_crazy_yiuf_cottage
D:4:      layout_rooms, kennysheep_mini, first_ration
D:5:      layout_loops_cross, kennysheep_little_box, overflow_temple_1_default,
          nicolae_overflow_crystal_walls, supply_closet_lemuel
D:6:      layout_loops_ring, kennysheep_mini_moat, roderic_lattice_a
D:7:      layout_gridville, minmay_temple_entry_wispy, serial_glass,
          glass_columns_a, glass_columns_b, glass_columns_b, glass_columns_a
D:8:      layout_gridville, kiku_gazebo_pond_becter, lemuel_crystal_altar,
          dpeg_oklobed_lair
D:9:      layout_gridville, lemuel_crystal_altar, serial_shops, shop,
          uniq_maurice
Temple:   kb_corrupted_temple
Lair:1:   layout_layer_cave, grunt_megastairs_5, uniq_nergalle, uniq_harold

Skill      XL: |  1  2  3  4  5  6  7  8  9 10 |
---------------+-------------------------------+-----
Transmutations | 3 4 5 7 8 |  8.0
Spellcasting   | 3 4 5 |  5.6
Fighting       | 2 3 4 6 |  6.3
Unarmed Combat | 4 5 6 7 |  7.1
Dodging        | 4 |  4.8
Invocations    | 1 |  1.6

Action                   |  1- 3 |  4- 6 |  7- 9 | 10-12 || total
-------------------------+-------+-------+-------+-------++-------
Melee: Unarmed           |    87 |   155 |   336 |    16 ||   594
       Constrict         |    24 |    20 |    25 |       ||    69
       Tentacles         |    11 |    11 |    24 |       ||    46
       Kick              |     4 |     9 |    15 |       ||    28
       Punch             |     2 |     5 |     3 |       ||    10
Throw: Stone             |       |     3 |     1 |       ||     4
 Cast: Beastly Appendage |     2 |     6 |     8 |       ||    16
       Spider Form       |     1 |     8 |    26 |       ||    35
       Sticks to Snakes  |     1 |     9 |     8 |     2 ||    20
       Ice Form          |       |       |    10 |     5 ||    15
       Blade Hands       |       |       |     5 |       ||     5
Evoke: Wand              |       |       |     2 |     3 ||     5
  Use: Potion            |       |     1 |       |       ||     1
       Scroll            |       |       |     3 |     1 ||     4
 Stab: Sleeping          |     9 |     2 |     6 |       ||    17
       Distracted        |       |     2 |       |       ||     2
       Paralysed         |       |       |     7 |       ||     7
  Eat: Chunk             |     3 |    10 |    20 |       ||    33
       Ration            |       |     1 |     3 |       ||     4
Armor: Skin              |     4 |     8 |    13 |    10 ||    35
Dodge: Dodged            |    41 |   124 |   211 |    34 ||   410
